 Dungeon Crawl Stone Soup version 0.28-a0-851-g8b9cc49659 (webtiles) character file.

Game seed: 15988690351409053471

402 Twinkles the Ducker (level 7, -1/50 HPs)
             Began as a Djinni Hedge Wizard on Nov 15, 2021.
             Was a Priest of Lugonu.
             Slain by a sky beast (5 damage)
             ... in the Ecumenical Temple.
             The game lasted 00:24:16 (5519 turns).

Twinkles the Ducker (Djinni Hedge Wizard)           Turns: 5519, Time: 00:24:17

Health: -1/50      AC:  4    Str: 11    XL:     7   Next: 11%
Gold:   134        EV: 13    Int: 15    God:    Lugonu [***...] SH:  0 Dex: 13

rFire   + + +      SeeInvis .   a - +1 dagger (speed)
rCold   . . .      Faith    .   (no shield)
rNeg    . . .      Spirit   .   b - +0 robe
rPois   ∞          Reflect  .   r - +2 hat
rElec   .          Harm     .   g - scarf {rC+ rF+}
rCorr   .          Rampage  .   (no gloves)
Will    .....                   (boots unavailable)
Stlth   ++........              (no amulet)
HPRegen 0.16/turn               (no ring)
MPRegen 0.00/turn               (no ring)

@: flying
A: sickness immunity, fire resistance 2, cold vulnerability 1, float, innate
caster, hp casting, extra vitality 1
a: Renounce Religion, Depart the Abyss, Bend Space, Banish


You were in the Ecumenical Temple.
You worshipped Lugonu.
Lugonu was most pleased with you.
You visited 2 branches of the dungeon, and saw 6 of its levels.

You collected 134 gold pieces.

Inventory:

Hand Weapons
 a - a +1 dagger of speed (weapon)
Missiles
 i - 27 poisoned darts
 s - 108 stones
Armour
 b - a +0 robe (worn)
 c - a +1 hat
 g - a scarf of resistance (worn)
 r - a +2 hat (worn)
Jewellery
 k - a ring of fire
Wands
 j - a wand of polymorph (12)
 y - a wand of mindburst (12)
Scrolls
 n - a scroll of summoning {unknown}
 p - a scroll of silence {unknown}
 q - a scroll of identify {unknown}
 t - a scroll of torment {unknown}
 u - a scroll of immolation {unknown}
 v - a scroll of amnesia {unknown}
 w - a scroll of magic mapping {unknown}
Potions
 d - 3 potions of attraction {unknown}
 e - 2 potions of invisibility {unknown}
 h - a potion of lignification {unknown}
 l - a potion of degeneration {unknown}
 m - 2 potions of curing {unknown}
 o - 2 potions of heal wounds {unknown}


   Skills:
 + Level 3.5 Fighting
 + Level 4.7 Dodging
 - Level 1.5 Stealth
 + Level 3.8 Spellcasting
 + Level 0.9 Invocations


You couldn't memorise any spells.
You knew the following spells:

 Your Spells              Type           Power      Damage    Failure   Level
a - Magic Dart            Conj           56%        1d5       3%          1
b - Blink                 Tloc           28%        N/A       6%          2
c - Call Imp              Summ           14%        N/A       6%          2
d - Slow                  Hex            56%        N/A       3%          1
e - Conjure Flame         Conj/Fire      14%        6-21      12%         3
f - Mephitic Cloud        Conj/Pois/Air  14%        N/A       12%         3
g - Sting                 Tmut/Pois      56%        1d5       3%          1
h - Ensorcelled Hibernat  Hex/Ice        28%        N/A       6%          2
i - Summon Guardian Gole  Hex/Summ       14%        N/A       12%         3
Your spell library was empty.

Dungeon Overview and Level Annotations

Branches:
Dungeon (5/15)             Temple (1/1) D:5

Altars:
Dithmenos
Gozag
Hepliaklqana
Makhleb
Qazlal
Sif Muna
Uskayaw
Wu Jian
Xom
Yredelemnul
The Shining One
Lugonu


Innate Abilities, Weirdness & Mutations

You are immune to sickness and miasma.
You are immune to poison.
Your flesh is very heat resistant. (rF++)
You are vulnerable to cold. (rC-)
You float through the air rather than walking.
You learn spells naturally, not from books.
Your magical power is your life essence.
You have superior vitality. (+4 HP)


Message History

Unknown command.
Casting: Call Imp (safe; 6% risk of failure)
Confirm with . or Enter, or press ? or * to list all spells.
The fire begins to smoulder!
* * * LOW HITPOINT WARNING * * *
Your crimson imp disappears in a puff of smoke!
Something hits you.
* * * LOW HITPOINT WARNING * * *
Something shocks you.
* * * LOW HITPOINT WARNING * * *
Something smothers the flame.
Casting: Conjure Flame (dangerous; 12% risk of failure)
Confirm with . or Enter, or press ? or * to list all spells.
Okay, then.
Unknown command.
Unknown command.
Casting: Conjure Flame (dangerous; 12% risk of failure)
Confirm with . or Enter, or press ? or * to list all spells.
You blink.
* * * LOW HITPOINT WARNING * * *
You feel stable enough to blink again.
A sky beast appears from thin air!
Reactivating autopickup.
Okay, then.
There is a staircase back to the Dungeon here.
Casting: Blink (safe; 6% risk of failure)
Confirm with . or Enter, or press ? or * to list all spells.
Okay, then.
Casting: Blink (safe; 6% risk of failure)
Confirm with . or Enter, or press ? or * to list all spells.
Okay, then.
Unknown command.
Casting: Blink (safe; 6% risk of failure)
Confirm with . or Enter, or press ? or * to list all spells.
A beastly little devil appears in a puff of flame.
* * * LOW HITPOINT WARNING * * *
The sky beast hits you.
* * * LOW HITPOINT WARNING * * *
The sky beast shocks you.
You die...

.. #.# .# .. _.
##.#.# ._ ..#
#...# #.. #.#
#._.# #.#
#.##...##.#
#.##.##.# ###
#.#.#.# ##.
#...##...##...#
#._..5.@...._.#
##
#...##Y..##...#
#.# . ##.#.#.#
# #.#
##.##.##.# ..#
##.##...##.#
#.###.###._.#
#.#
#...####...#
#..
#._.###.#.## ._
#...##.##.# ..


You could see a sky beast (ally target) and a friendly crimson imp (summoned).

Vanquished Creatures
  An orc priest (D:4)
  An orc wizard (D:3)
  An iguana (D:2)
  A gnoll (D:2)
  An adder (D:2)
  3 worms
  3 dart slugs
  3 orcs
  4 ball pythons
  7 endoplasms
  3 giant cockroaches
  8 goblins
  5 hobgoblins
  2 jackals (D:3)
  8 kobolds
  3 quokkas
  5 bats
  3 frilled lizards
  A quokka skeleton (D:3)
  5 rats
68 creatures vanquished.

Vanquished Creatures (collateral kills)
  A black bear (D:5)
  A necrophage (D:4)
  An iguana (D:4)
  An adder (D:3)
  4 orcs
  A kobold (D:4)
9 creatures vanquished.

Vanquished Creatures (others)
  A fungus (D:5)
  A plant (D:5)
2 creatures vanquished.

Grand Total: 79 creatures vanquished

Notes
Turn   | Place    | Note
-------+----------+-------------------------------------------
     0 | D:1      | Twinkles the Djinni Hedge Wizard began the quest for the
                  | Orb.
     0 | D:1      | Reached XP level 1. HP: 15/15 MP: 0/0
   299 | D:1      | Reached XP level 2. HP: 17/22 MP: 0/0
   573 | D:1      | Reached skill level 1 in Fighting
  1058 | D:1      | Reached XP level 3. HP: 22/27 MP: 0/0
  1058 | D:1      | Learned a level 1 spell: Sting
  1874 | D:2      | Found a faded altar of an unknown god.
  1883 | D:2      | Prayed at the altar of an unknown god.
  1883 | D:2      | Became a worshipper of Lugonu the Unformed
  1883 | D:2      | Reached * piety under Lugonu
  1883 | D:2      | Reached ** piety under Lugonu
  2207 | D:2      | Reached skill level 3 in Dodging
  2300 | D:2      | Reached XP level 4. HP: 17/33 MP: 0/0
  3040 | D:3      | Reached XP level 5. HP: 24/38 MP: 0/0
  3040 | D:3      | Learned a level 2 spell: Ensorcelled Hibernation
  3223 | D:3      | Noticed a water moccasin
  4136 | D:4      | Noticed a necrophage
  4151 | D:4      | Killed a necrophage
  4152 | D:4      | Reached skill level 4 in Dodging
  4152 | D:4      | Reached XP level 6. HP: 43/46 MP: 0/0
  4375 | D:4      | Reached *** piety under Lugonu
  4992 | D:5      | Entered Level 5 of the Dungeon
  4992 | D:5      | Noticed a black bear
  5008 | D:5      | Killed a black bear
  5009 | D:5      | Reached XP level 7. HP: 38/50 MP: 0/0
  5009 | D:5      | Learned a level 3 spell: Summon Guardian Golem
  5128 | D:5      | Found a staircase to the Ecumenical Temple.
  5137 | Temple   | Entered the Ecumenical Temple
  5146 | Temple   | HP: 12/50 [something (6)]
  5148 | Temple   | HP: 4/50 [something (6)]
  5498 | Temple   | HP: 13/50 [something (2)]
  5519 | Temple   | HP: 4/50 [sky beast (2)]
  5519 | Temple   | Slain by a sky beast

Illustrated notes

Levels and vault maps discovered:
D:1:      minmay_arrival_stair_chambers, layout_basic
D:2:      minmay_diamond_boxcup, layout_rooms,
          ebering_ecumenical_altar_sacrificial
D:3:      cheibrodos_helix_gallery, layout_basic
D:4:      layout_basic, serial_glass, glass_columns_b, glass_columns_c,
          chequers_garden
D:5:      layout_cave_pods, minmay_temple_entry_gardened_gates,
          uniq_crazy_yiuf_cottage
Temple:   eino_narrow_crystal_temple

Skill      XL: |  1  2  3  4  5 |
---------------+----------------+-----
Fighting       | 1 2 3 |  3.5
Dodging        | 3 4 |  4.7
Spellcasting   | 3 |  3.8
Stealth        | |  1.5
Invocations    | |  0.9

Action                   |  1- 3 |  4- 6 |  7- 9 || total
-------------------------+-------+-------+-------++-------
Melee: Dagger            |     9 |    76 |    27 ||   112
 Cast: Magic Dart        |    73 |    61 |     2 ||   136
       Sting             |     7 |    17 |       ||    24
       Blink             |       |     1 |     2 ||     3
       Call Imp          |       |    17 |     4 ||    21
       Conjure Flame     |       |     2 |     1 ||     3
       Mephitic Cloud    |       |     4 |     2 ||     6
       Slow              |       |       |     1 ||     1
  Use: Scroll            |       |     1 |     2 ||     3
 Stab: Sleeping          |       |     3 |       ||     3
       Confused          |       |     1 |     2 ||     3
Armor: Robe              |       |     5 |     5 ||    10
Dodge: Dodged            |    10 |    33 |     6 ||    49

Table legend: (Time is in decaauts)
 A = Elapsed time spent in this place.
 B = Non-inter-level travel time spent in this place.
 C = Inter-level travel time spent in this place.
 D = Time resting spent in this place.
 E = Time spent auto-exploring this place.
 F = Levels seen in this place.
 G = Mean time per level.
                   A        B        C        D        E       F      G
               +--------+--------+--------+--------+--------+-----+--------+
         Total |   5492 |   5103 |    389 |    713 |   3648 |   6 |  915.3 |
       Dungeon |   5119 |   4730 |    389 |    423 |   3634 |   5 | 1023.8 |
        Temple |    373 |    373 |      0 |    290 |     14 |   1 |  373.0 |
               +--------+--------+--------+--------+--------+-----+--------+

Top non-repeatable levels by time:
     D:1: 1962 daAuts
     D:2: 1145 daAuts
     D:3: 980 daAuts
     D:4: 887 daAuts
  Temple: 373 daAuts
     D:5: 144 daAuts
